 Dungeon Crawl Stone Soup version 0.19.1 (webtiles) character file.

312 RedPan the Sneak (level 6, -5/41 HPs)
             Began as a Vampire Ice Elementalist on Dec 24, 2016.
             Slain by Blork the orc
             ... wielding a +2 scimitar of draining
              (12 damage)
             ... on level 4 of the Dungeon.
             The game lasted 00:12:21 (5756 turns).

RedPan the Sneak (Vampire Ice Elementalist)         Turns: 5756, Time: 00:12:22

Health: -5/41      AC:  6    Str:  7    XL:     6   Next: 18%
Magic:  0/9        EV: 12    Int: 20    God:
Gold:   124        SH:  0    Dex: 14    Spells: 3 memorised, 3 levels left

rFire  x . .     SeeInvis +     j - +2 whip (elec)
rCold  + + .     Gourm    .     a - +1 robe
rNeg   + + .     Faith    .     (no shield)
rPois  +         Spirit   .     q - +2 helmet
rElec  .         Reflect  .     (no cloak)
rCorr  .         Harm     .     (no gloves)
MR     .....                    (no boots)
Stlth  ++++......               (no amulet)
                                (no ring)
                                f - ring of ice

@: very slightly contaminated, regenerating slowly, hasted, very quick
A: fangs 3, see invisible, unbreathing
a: Bat Form


You were on level 4 of the Dungeon.
You were thirsty.

You visited 1 branch of the dungeon, and saw 4 of its levels.

You collected 124 gold pieces.

Inventory:

Hand Weapons
 j - a +2 whip of electrocution (weapon)
Armour
 a - a +1 robe (worn)
 q - a +2 helmet (worn)
Jewellery
 f - a ring of ice (left hand)
Wands
 l - a wand of paralysis (13/24)
Scrolls
 d - 2 scrolls of amnesia
 e - 3 scrolls of identify
 g - a scroll of enchant armour
 k - 2 scrolls of teleportation {unknown}
 m - 2 scrolls of immolation {unknown}
 o - a scroll of remove curse
Potions
 c - 15 potions of blood
 h - 3 potions of curing
 i - a potion of cancellation
 n - a potion of invisibility {unknown}
 p - 4 potions of haste
 r - a potion of lignification {unknown}
Books
 b - a book of Frost

   Spells                             Type                      Level
   a - Freeze                         Ice                          1
   b - Throw Frost                    Conjuration/Ice              2
   c - Ozocubu's Armour               Charms/Ice                   3
   d - Throw Icicle                   Conjuration/Ice              4
   e - Summon Ice Beast               Ice/Summoning                4


   Skills:
 + Level 2.1 Dodging
 + Level 6.2 Stealth
 + Level 2.0 Spellcasting
 - Level 0.6 Conjurations
 - Level 6.0 Ice Magic


You had 3 spell levels left.
You knew the following spells:

 Your Spells              Type           Power        Failure   Level  Hunger
a - Freeze                Ice            ####         1%          1    #......
b - Throw Frost           Conj/Ice       ###...       10%         2    ##.....
c - Ozocubu's Armour      Chrm/Ice       ###.....     14%         3    ###....


Dungeon Overview and Level Annotations

Branches:
Dungeon (4/15)
 Temple: D:4-7

Altars:

Annotations:
D:4 Blork the orc


Innate Abilities, Weirdness & Mutations

You heal slowly.
You have razor-sharp teeth.
You have supernaturally acute eyesight. (SInv)
You can survive without breathing.


Message History

Aim: Blork the orc, wielding a scimitar of draining and wearing an embroidered robe (heavily wounded, fast)
You feel a surge of power!
You freeze Blork the orc.
Blork the orc resists.
Blork the orc is heavily wounded.
Blork the orc screams, "I'll decorate my home with your organs!"
Blork the orc hits you with a scimitar of draining.
You closely miss Blork the orc.
Blork the orc is heavily wounded.
Blork the orc closely misses you.
You barely miss Blork the orc.
Blork the orc is heavily wounded.
Blork the orc casts a cantrip, but nothing happens.
Okay, then.
You closely miss Blork the orc.
Blork the orc is heavily wounded.
Blork the orc hits you with a scimitar of draining!
* * * LOW HITPOINT WARNING * * *
You barely miss Blork the orc.
Blork the orc is heavily wounded.
Blork the orc hits you with a scimitar of draining!
You die...

##+ ... ##+# ... #...#
#.# .....# ### #.#
......# ##.###.#
.......####...##.#######
......o@.........)))....
.......####...##.#######
......# ##.###.# .....#
### ..# #...# #.## ##+#
#. #. #.


You could see Blork the orc.

Vanquished Creatures
  A scorpion (D:4)
  A hound (D:3)
  Natasha (thrice) (D:2)
  6 adders
  An adder skeleton (D:4)
  A dart slug (D:3)
  5 leopard geckos
  11 orcs
  A ball python (D:1)
  5 bats
  4 giant cockroaches
  7 hobgoblins
  5 jackals
  A quokka (D:2)
  6 frilled lizards
  17 goblins
  9 kobolds
  4 rats
88 creatures vanquished.

Notes
Turn   | Place    | Note
-------+----------+-------------------------------------------
     0 | D:1      | RedPan the Vampire Ice Elementalist began the quest for the Orb.
     0 | D:1      | Reached XP level 1. HP: 13/13 MP: 3/3
   813 | D:1      | Reached XP level 2. HP: 8/19 MP: 3/5
  1782 | D:1      | Reached XP level 3. HP: 12/24 MP: 1/6
  2144 | D:1      | Learned a level 2 spell: Throw Frost
  2148 | D:1      | Learned a level 3 spell: Ozocubu's Armour
  2426 | D:2      | Found a faded altar of an unknown god.
  2545 | D:2      | Noticed Natasha
  2604 | D:2      | Killed Natasha
  2604 | D:2      | Reached XP level 4. HP: 30/30 MP: 0/7
  2653 | D:2      | Noticed Natasha
  2660 | D:2      | Killed Natasha
  3083 | D:2      | Noticed Natasha
  3089 | D:2      | Killed Natasha
  3089 | D:2      | Reached skill level 5 in Stealth
  3089 | D:2      | Reached skill level 5 in Ice Magic
  3303 | D:2      | Reached XP level 5. HP: 35/35 MP: 1/8
  5428 | D:4      | Reached XP level 6. HP: 41/41 MP: 3/9
  5732 | D:4      | Noticed Blork the orc
  5756 | D:4      | Slain by Blork the orc

Skill      XL: |  1  2  3  4  5 |
---------------+----------------+-----
Ice Magic      | 4 5 6 |  6.0
Stealth        | 4 5 6 |  6.2
Dodging        | |  2.1
Spellcasting   | |  2.0
Conjurations   | |  0.6

Action                   |  1- 3 |  4- 6 || total
-------------------------+-------+-------++-------
Melee: Unarmed           |    28 |       ||    28
       Whip              |    34 |    70 ||   104
       Bite              |     2 |     5 ||     7
 Cast: Freeze            |    41 |    24 ||    65
       Throw Frost       |     9 |    36 ||    45
       Ozocubu's Armour  |       |     1 ||     1
  Use: Potion            |     2 |    10 ||    12
       Scroll            |       |     7 ||     7
 Stab: Sleeping          |     6 |    11 ||    17
Armor: Robe              |    17 |    18 ||    35
Dodge: Dodged            |    68 |    40 ||   108
